 Dungeon Crawl Stone Soup version 0.17-a0-1571-g3ed2ab2 (console) character file.

100 FIQ the Cudgeler (level 4, 0/23 HPs)
             Began as a Vine Stalker Wanderer on July 24, 2015.
             Slain by a killer bee (1 damage)
             ... on level 2 of the Dungeon.
             The game lasted 00:07:02 (1752 turns).

FIQ the Cudgeler (Vine Stalker Wanderer)            Turns: 1752, Time: 00:07:03

Health: 0/23       AC:  9    Str: 14      XL:     4   Next: 74%
Magic:  0/5        EV:  9    Int:  9 (12) God:
Gold:   93         SH:  0    Dex: 15      Spells: 0 memorised, 3 levels left

rFire  . . .     SeeInvis .     b - +0 hand axe
rCold  . . .     Clarity  .     a - +2 scale mail
rNeg   . . .     SustAt   .     (no shield)
rPois  .         Gourm    .     (no helmet)
rElec  .         Spirit   +     (no cloak)
rCorr  .         Warding  .     (no gloves)
rMut   .         Stasis   .     (no boots)
MR     .....                    (no amulet)
Stlth  ..........               (no ring)
                                l - ring of loudness (curse)

@: lethally poisoned (0 -> -3), not resistant to hostile enchantments, extremely
unstealthy
A: fangs 2, regeneration 1, magic shield, antimagic bite, no device heal 3, rot
immunity
a: no special abilities


You were on level 2 of the Dungeon.
You were not hungry.

You visited 1 branch of the dungeon, and saw 2 of its levels.

You collected 93 gold pieces.

Inventory:

Hand weapons
 b - a +0 hand axe (weapon)
 h - a +0 whip
Armour
 a - a +2 scale mail (worn)
Jewellery
 l - a cursed ring of loudness (left hand)
Magical devices
 g - a wand of fireball (14)
Scrolls
 e - a scroll of random uselessness
 k - a scroll of recharging
 m - a scroll of identify
Comestibles
 c - 8 chunks of flesh
 d - 2 bread rations
 f - a royal jelly
 i - 2 slices of pizza
 j - 2 meat rations


   Skills:
 + Level 2.1 Fighting
 * Level 3.9 Maces & Flails
 + Level 3.7 Armour
 - Level 1.2 Stealth
   Level 1.0 Shields


You had 3 spell levels left.
You didn't know any spells.

Dungeon Overview and Level Annotations

Branches:
Dungeon (2/15)

Altars:
Elyvilon


Innate Abilities, Weirdness & Mutations

You have extremely sharp teeth.
Your natural rate of healing is unusually fast.
When hurt, damage is shared between your health and your magic reserves.
Your bite disrupts and absorbs the magic of your enemies.
Potions and wands cannot restore your health.
You are immune to rotting.


Message History

The killer bee stings you but does no damage.
You feel sick. The killer bee stings you.
* * * LOW HITPOINT WARNING * * *
You hit the killer bee. Your bite misses the killer bee.
The killer bee is heavily wounded.
You closely miss the killer bee.
* * * LOW HITPOINT WARNING * * *
You feel sick. The killer bee barely misses you.
The killer bee barely misses you. The killer bee closely misses you.
The killer bee stings you.
The killer bee stings you but does no damage. x2
You barely miss the killer bee.
You bite the killer bee, but do no damage.
The killer bee is heavily wounded.
You completely miss the killer bee.
You hit the killer bee but do no damage.
* * * LOW HITPOINT WARNING * * *
You feel sick. The killer bee stings you.
* * * LOW HITPOINT WARNING * * *
The killer bee stings you.
You die...

#....#.............####.<..#.##
#.#...###.#.......## ##..#..##
#.#.#####.##.....## ##.###...
#.#.......###...## #.## ##.#
#.######### ##'## ##.###.## #.#
#.# ##.#.## #.# #.# ##.## #.#
##y## #.# ##.## ###.y.## #.#
##...## ##..yyy.# #.#
#.#.#.######....@.## #.#
#.#..............###########.#
#.###.######.................#
##...## ##.################
##### ###


You could see 5 killer bees.

Vanquished Creatures
  2 adders (D:2)
  3 gnolls (D:2)
  An ooze (D:2)
  A worm (D:2)
  2 giant geckos
  6 bats
  A giant cockroach (D:1)
  5 hobgoblins
  4 jackals (D:2)
  4 giant newts
  6 goblins
  4 kobolds
  8 rats
47 creatures vanquished.

Vanquished Creatures (others)
  A fungus (D:2)
1 creature vanquished.

Grand Total: 48 creatures vanquished

Notes
Turn   | Place    | Note
--------------------------------------------------------------
     0 | D:1      | FIQ the Vine Stalker Wanderer began the quest for the Orb.
     0 | D:1      | FIQ set off with: a +2 scale mail, a +0 hand axe, a +0 mace, a bread ration
     0 | D:1      | Reached XP level 1. HP: 10/10 MP: 2/2
   283 | D:1      | Reached XP level 2. HP: 12/14 MP: 1/3
   891 | D:1      | Reached XP level 3. HP: 18/18 MP: 4/4
  1222 | D:2      | Reached XP level 4. HP: 20/23 MP: 5/5
  1283 | D:2      | Found a white marble altar of Elyvilon.
  1657 | D:2      | Found a faded altar to an unknown god.
  1752 | D:2      | HP: 1/23 [killer bee (3)]
  1752 | D:2      | Slain by a killer bee

Vault maps used:
D:1:      co_arrival_random_square_maze
D:2:      ecumenical_altar_1, elyvilon_altar_1

Action                   |  1- 3 |  4- 6 || total
-------------------------+-------+-------++-------
Melee: Mace              |    79 |       ||    79
       Whip              |    19 |    61 ||    80
       Hand axe          |       |     2 ||     2
  Use: Potion            |     2 |       ||     2
       Scroll            |     6 |       ||     6
  Eat: Chunk             |     1 |     2 ||     3
